AoeStats
← Arcangelos

Scandinavia

510438842Analyzed
1v1 RM · 17h ago on Oct 1, 2026· 32m 54s· 2 players
Game mode
Random Map
Map size
Tiny (2 player)
Population
200
Speed
Normal
Resources
Standard
Victory
Conquest
Starting age
Dark Age
Ending age
Imperial Age
RankedLock teamsTeams togetherTeam positionsShared explorationLock speedFull tech treeHidden civsTurbo modeCheats
Victory
Defeat
🇵🇪 Varangians · Peru
1216
+15
🇲🇽 Romans · Mexico
1199
-15
Arcangelos
1:53 Loom
11:06 Feudal Age
12:07 Horse Collar
12:15 Double-Bit Axe
11:52 Man-at-Arms
13:38 Wheelbarrow
13:18 Fishing Lines
14:45 Scale Mail Armor
21:21 Castle Age
20:02 Forging
21:24 Long Swordsman
22:21 Chain Mail Armor
22:44 Squires
23:34 Hand Cart
23:06 Town Watch
23:28 Fletching
27:46 Iron Casting
27:07 Bodkin Arrow
28:56 Scale Barding Armor
30:43 Chain Barding Armor
30:25 Padded Archer Armor
30:25 Gold Mining
34:03 Gold Shaft Mining
DCW-NEWT 7w7
8:31 Loom
10:18 Feudal Age
14:55 Castle Age
14:57 Stone Mining
14:53 Double-Bit Axe
17:32 Bow Saw
22:00 Wheelbarrow
25:59 Horse Collar
27:50 Heavy Plow
32:47 Imperial Age
30:47 Gold Mining
30:27 Light Cavalry
31:28 Bloodlines
31:18 Husbandry
32:06 Scale Barding Armor
32:11 Forging
32:17 Fishing Lines
33:39 Hand Cart
Connection lost

Rejoining the realm…

Still unreachable

The connection could not be restored.

Session expired

The server has moved on; the page needs a fresh start.